cohdb
Replays
Latest Replays
All Replays
Popular Replays
Top Player Replays
Match Explorer
How It Works
Community
CoH3 Stats
Reddit
Sign in to upload your games and track your stats! →
Sign in with Steam
Match 41861140
Unlisted
Match 41861140
Overview
Messages
Build Orders
End
Construct Barracks
Scout Squad
Selects Armored Battlegroup
Riflemen Squad
Riflemen Squad
Grenade Package
Riflemen Squad
Infantry Support Center
Construct Motor Pool
Selects Fast Deploy
M8 Greyhound Armored Car
Engineer Squad
Construct Medical Station
Selects Assault Engineers
M1918 Browning Automatic Rifles
M8 Greyhound Armored Car
Construct Weapon Support Center
Riflemen Squad
Selects Field Repairs
M24 Chaffee Light Tank
M24 Chaffee Light Tank
M1 Anti-tank Gun Team
Selects M8 Scott SPG
Selects M4A3E8 Sherman Combat Group
Jervi
GenObi
0
0
Comments
sign in to comment!
No comments posted yet!